 Dungeon Crawl Stone Soup version 0.28-a0-563-gf77a47075d (webtiles) character file.

Game seed: 192642540351891663

4530 avis the Cleaver (level 10, -5/99 HPs)
             Began as a Hill Orc Monk on Sept 30, 2021.
             Slain by Maggie (6 damage)
             ... on level 8 of the Dungeon.
             The game lasted 00:54:15 (12949 turns).

avis the Cleaver (Hill Orc Monk)                   Turns: 12949, Time: 00:54:17

Health: -5/99      AC: 12    Str: 18    XL:     10   Next: 39%
Magic:  10/10      EV:  8    Int: 10    God:
Gold:   372        SH:  5    Dex: 19    Spells: 9/9 levels left

rFire   . . .      SeeInvis .   a - +4 hand axe
rCold   . . .      Faith    .   L - +0 buckler
rNeg    . . .      Spirit   .   Q - +3 chain mail
rPois   .          Reflect  .   (no helmet)
rElec   .          Harm     .   q - +0 cloak
rCorr   .          Rampage  .   (no gloves)
Will    .....                   (no boots)
Stlth   ..........              (no amulet)
HPRegen 0.26/turn               l - +6 ring of dexterity
MPRegen 0.12/turn               (no ring)

@: very slightly contaminated, invisible
A: no striking features
a: no special abilities


You were on level 8 of the Dungeon.
You visited 2 branches of the dungeon, and saw 9 of its levels.

You collected 372 gold pieces.

Inventory:

Hand Weapons
 a - a +4 hand axe (weapon)
 b - a +2 flail of holy wrath
 e - a +4 great sword
 f - a +4 morningstar of freezing
 g - a +3 long sword
 n - a +1 trident of venom
 o - a +0 broad axe
 w - a +1 dagger of venom
Missiles
 j - 14 arrows
 m - 11 stones
 u - 2 javelins (quivered)
 H - 2 throwing nets
 W - 4 boomerangs
Armour
 q - a +0 cloak (worn)
 L - a +0 buckler (worn)
 Q - a +3 chain mail (worn)
Jewellery
 l - a +6 ring of dexterity (left hand)
Wands
 h - a wand of flame (19)
 i - a wand of iceblast (3)
 p - a wand of digging (10)
 v - a wand of charming (8)
 S - a wand of acid (7)
Scrolls
 d - a scroll of enchant armour
 s - a scroll of noise {unknown}
 A - 2 scrolls of blinking {unknown}
 C - 2 scrolls of fear {unknown}
 X - a scroll of immolation {unknown}
Potions
 c - 3 potions of curing
 k - a potion of invisibility
 z - a potion of flight
 B - 2 potions of might
 F - a potion of resistance
 K - a potion of magic {unknown}


   Skills:
 + Level 12.3 Fighting
 + Level 14.0 Axes
 - Level 2.4 Dodging
 - Level 1.5 Stealth
 * Level 3.7 Shields


You had 9 spell levels left.
You didn't know any spells.
Your spell library contained the following spells:

 Spells                   Type           Power      Damage    Failure   Level
 Static Discharge         Conj/Air       0%         N/A       100%        2
 Ozocubu's Armour         Ice            0%         N/A       100%        3
 Fulminant Prism          Conj/Hex       0%         3d6       100%        4
 Iskenderun's Mystic Bla  Conj/Tloc      0%         2d3       100%        4
 Lee's Rapid Deconstruct  Erth           0%         3d5*      100%        5
 Lightning Bolt           Conj/Air       0%         1d11      100%        5
 Ozocubu's Refrigeration  Ice            0%         4d5       100%        7
 Maxwell's Capacitive Co  Air            0%         ∞         100%        8


Dungeon Overview and Level Annotations

Branches:
Dungeon (8/15)             Temple (1/1) D:4
   Lair: D:8-11

Altars:
Dithmenos
Kikubaaqudgha
The Shining One

Annotations:
D:4 1 runed translucent door, exclusion: door, Crazy Yiuf
D:8 Maggie


Message History

The two-headed ogre hits you with a +0 giant club!
You hit the orc but do no damage.
The orc is poisoned.
The orc barely misses you.
You hit the two-headed ogre but do no damage.
The two-headed ogre looks as sick as possible!
The two-headed ogre is lightly wounded.
The two-headed ogre hits you with a +0 giant spiked club!!
The two-headed ogre closely misses you. The orc barely misses you.
Maggie says, "Have you seen any dragons?"
Your +1 dagger of venom stops dripping with poison.
a - a +4 hand axe (weapon)
You block the orc's attack.
The two-headed ogre hits you with a +0 giant spiked club.
The two-headed ogre hits you with a +0 giant club!
You hit the two-headed ogre.
The two-headed ogre is lightly wounded.
You slash the orc!
You kill the orc!
Maggie barely misses you.
You hit the two-headed ogre.
The two-headed ogre is moderately wounded.
You hit the two-headed ogre.
The two-headed ogre is heavily wounded.
The two-headed ogre hits you with a +0 giant spiked club!!
* * * LOW HITPOINT WARNING * * *
The two-headed ogre hits you with a +0 giant club.
* * * LOW HITPOINT WARNING * * *
Maggie mumbles the words to a spell, but in the wrong order.
You feel better. Maggie barely misses you.
The two-headed ogre hits you with a +0 giant spiked club.
* * * LOW HITPOINT WARNING * * *
You block the two-headed ogre's attack.
You slash Maggie!
Maggie is moderately wounded.
You hit the two-headed ogre.
You break out of your daze.
Maggie hits you with a +2 halberd of flaming!
* * * LOW HITPOINT WARNING * * *
Maggie burns you.
You die...

.... ......
.....##..
.........
#.........
##.#.......
###..#.......
#@@....# ....
##O...##.....
##..........
###........
##.......
.......
.......
.......
#.O.#..


You could see Maggie and a two-headed ogre (very poisoned).

Vanquished Creatures
  Grinder (D:3)
  Sigmund (D:3)
  6 yaks
  A steam dragon (D:7)
  Edmund (D:6)
  An acid dragon (D:7)
  A water moccasin (D:7)
  Duvessa (D:7)
  An ice beast (D:5)
  3 necrophages (D:6)
  2 black bears (D:7)
  A centaur (D:4)
  A phantom (D:5)
  2 bullfrogs
  Dowan (D:7)
  7 scorpions
  11 wights
  3 centaur zombies (D:6)
  A bullfrog zombie (D:6)
  2 hounds
  A human zombie (D:6)
  A jelly (D:4)
  A centaur skeleton (D:5)
  A gnoll shaman (D:4)
  2 bullfrog skeletons
  An iguana (D:5)
  Ijyb (D:3)
  Terence (D:3)
  Natasha (thrice) (D:4)
  A scorpion zombie (D:5)
  A killer bee zombie (D:6)
  3 mummies (D:6)
  A howler monkey skeleton (D:7)
  17 gnolls
  11 adders
  2 river rats (D:4)
  2 adder skeletons (D:4)
  A worm (D:5)
  A dart slug (D:1)
  17 orcs
  12 ball pythons
  10 endoplasms
  6 giant cockroaches
  11 goblins
  21 hobgoblins
  2 jackals (D:1)
  3 quokkas
  4 bats
  2 frilled lizards
  9 kobolds
  7 rats
  A spectral hobgoblin (D:3)
205 creatures vanquished.

Notes
Turn   | Place    | Note
-------+----------+-------------------------------------------
     0 | D:1      | avis the Hill Orc Monk began the quest for the Orb.
     0 | D:1      | Reached XP level 1. HP: 19/19 MP: 1/1
   232 | D:1      | Reached XP level 2. HP: 27/27 MP: 2/2
   504 | D:1      | Reached skill level 5 in Axes
   564 | D:1      | Reached XP level 3. HP: 24/33 MP: 3/3
  2020 | D:3      | Noticed Grinder
  2066 | D:3      | Reached XP level 4. HP: 39/41 MP: 4/4
  2097 | D:3      | Found a faded altar of an unknown god.
  2129 | D:3      | Noticed Sigmund
  2137 | D:3      | Killed Sigmund
  2138 | D:3      | Reached skill level 5 in Fighting
  2138 | D:3      | Reached skill level 7 in Axes
  2138 | D:3      | Reached XP level 5. HP: 36/48 MP: 5/5
  2224 | D:3      | Noticed Terence
  2239 | D:3      | Killed Terence
  2240 | D:3      | Reached XP level 6. HP: 27/56 MP: 6/6
  2627 | D:3      | Paralysed by Grinder for 5 turns
  2658 | D:3      | Killed Grinder
  2659 | D:3      | Reached skill level 8 in Axes
  2659 | D:3      | Reached XP level 7. HP: 25/63 MP: 7/7
  2874 | D:3      | Noticed Ijyb
  3016 | D:3      | Killed Ijyb
  3215 | D:3      | Reached skill level 9 in Axes
  3559 | D:4      | Identified the +2 robe of Johoisy {Int+2}
  3573 | D:4      | Found a staircase to the Ecumenical Temple.
  3990 | D:4      | Found a glowing golden altar of the Shining One.
  4175 | D:4      | Noticed Natasha
  4183 | D:4      | Killed Natasha
  4320 | D:4      | Reached skill level 10 in Axes
  4320 | D:4      | Reached XP level 8. HP: 36/73 MP: 8/8
  4573 | D:4      | Noticed Natasha
  4609 | D:4      | Killed Natasha
  4782 | D:4      | Noticed Natasha
  4800 | D:4      | Killed Natasha
  4882 | D:4      | Found a runed translucent door.
  4883 | D:4      | Noticed Crazy Yiuf
  4996 | D:5      | Entered Level 5 of the Dungeon
  5176 | Temple   | Entered the Ecumenical Temple
  5333 | D:5      | Noticed a yak
  5335 | D:5      | Noticed a yak
  5335 | D:5      | Noticed a yak
  5335 | D:5      | Noticed a yak
  5336 | D:5      | Noticed a yak
  5341 | D:5      | Noticed a yak
  5354 | D:5      | Killed a yak
  5364 | D:5      | Killed a yak
  5365 | D:5      | Reached skill level 11 in Axes
  5387 | D:5      | Killed a yak
  5722 | D:4      | Killed a yak
  5723 | D:4      | Reached skill level 12 in Axes
  5775 | D:4      | Killed a yak
  5776 | D:4      | Reached XP level 9. HP: 48/82 MP: 9/9
  7372 | D:5      | Reached skill level 13 in Axes
  9073 | D:6      | Reached skill level 14 in Axes
  9282 | D:6      | Reached skill level 10 in Fighting
  9359 | D:6      | Found a shadowy altar of Dithmenos.
  9543 | D:6      | Noticed Edmund
  9572 | D:6      | Killed Edmund
 10035 | D:6      | Found an ancient bone altar of Kikubaaqudgha.
 10054 | D:6      | Reached XP level 10. HP: 89/96 MP: 10/10
 10939 | D:7      | Reached skill level 1 in Shields
 12134 | D:7      | Noticed Duvessa
 12134 | D:7      | Noticed Dowan
 12144 | D:7      | Killed Duvessa
 12160 | D:7      | Killed Dowan
 12930 | D:8      | Noticed Maggie
 12931 | D:8      | Noticed a two-headed ogre
 12949 | D:8      | HP: 1/99 [Maggie (13)]
 12949 | D:8      | Slain by Maggie

Illustrated notes

Levels and vault maps discovered:
D:1:      giann_horns, layout_basic
D:2:      layout_loops_ring, chequers_jeans, minivault_4,
          minmay_misc_feat_columns
D:3:      layout_rooms, dreamdust_ecumenical_altar_drowned_temple,
          minmay_misc_feat_nine_boxes, kennysheep_nondescript, uniq_grinder,
          uniq_ijyb, uniq_sigmund, uniq_terence
D:4:      layout_cave_pools, marbit_many_paths, minmay_temple_entry_water_ring,
          portal_sewer_entry_e, nzn_random_ring, uniq_crazy_yiuf_cottage,
          uniq_natasha
D:5:      layout_cave_pods, lightli_corner_chamber
D:6:      corexii_shantytown, layout_cave_pods,
          lemuel_mausoleum_altar_kikubaaqudgha, nicolae_dithmenos_shadow_blocks,
          kennysheep_another_room, uniq_edmund
D:7:      cheibrodos_quashed, layout_loops_cross, uniq_duvessa
D:8:      kennysheep_kobold_camp, layout_cave_pools,
          grunt_temple_overflow_order_and_chaos_1, fedhas_altar_1, uniq_pikel,
          uniq_maggie, uniq_erica
Temple:   nicolae_temple_figure_eight

Skill      XL: |  1  2  3  4  5  6  7  8  9 10 |
---------------+-------------------------------+-----
Fighting       | 4 5 6 7 8 11 12 | 12.3
Axes           | 5 7 8 10 12 14 | 14.0
Shields        | 3 |  3.7
Dodging        | |  2.4
Stealth        | |  1.5

Action                   |  1- 3 |  4- 6 |  7- 9 | 10-12 || total
-------------------------+-------+-------+-------+-------++-------
Melee: Hand axe          |    93 |    30 |   345 |    24 ||   492
       Dagger            |       |    20 |   351 |    93 ||   464
       Flail             |       |       |    38 |    38 ||    76
 Fire: Hunting sling     |     5 |       |       |       ||     5
Throw: Javelin           |     2 |     4 |     2 |       ||     8
Evoke: Wand              |       |     2 |       |       ||     2
  Use: Scroll            |       |     5 |       |     6 ||    11
       Potion            |       |     1 |     2 |     5 ||     8
 Stab: Sleeping          |     3 |       |       |       ||     3
Armor: Robe              |    23 |     1 |       |       ||    24
       Scale mail        |       |     6 |   175 |       ||   181
       Chain mail        |       |       |   112 |    95 ||   207
Dodge: Dodged            |    68 |    26 |   273 |    57 ||   424
Block: Buckler           |       |       |       |     9 ||     9

Table legend: (Time is in decaauts)
 A = Elapsed time spent in this place.
 B = Non-inter-level travel time spent in this place.
 C = Inter-level travel time spent in this place.
 D = Time resting spent in this place.
 E = Time spent auto-exploring this place.
 F = Levels seen in this place.
 G = Mean time per level.
                   A        B        C        D        E       F      G
               +--------+--------+--------+--------+--------+-----+--------+
         Total |  12889 |  11847 |   1042 |   5339 |   3371 |   9 | 1432.1 |
       Dungeon |  12838 |  11796 |   1042 |   5339 |   3371 |   8 | 1604.8 |
        Temple |     50 |     50 |      0 |      0 |      0 |   1 |   50.0 |
               +--------+--------+--------+--------+--------+-----+--------+

Top non-repeatable levels by time:
     D:4: 3209 daAuts
     D:6: 2672 daAuts
     D:5: 1782 daAuts
     D:7: 1716 daAuts
     D:3: 1429 daAuts
     D:2: 1037 daAuts
     D:1: 926 daAuts
     D:8: 64 daAuts
  Temple: 50 daAuts
